AoeStats
← tommyvolla

Arabia

505193209Analyzed
1v1 RM · 23d ago on Sep 8, 2026· 22m 34s· 2 players
Game mode
Random Map
Map size
Tiny (2 player)
Population
200
Speed
Normal
Resources
Standard
Victory
Conquest
Starting age
Dark Age
Ending age
Imperial Age
RankedLock teamsTeams togetherTeam positionsShared explorationLock speedFull tech treeHidden civsTurbo modeCheats
Victory
Defeat
🇷🇴 Cumans · Romania
737
+13
🇩🇪 Tatars · Germany
661
-13
tommyvolla
8:49 Loom
10:35 Feudal Age
12:43 Double-Bit Axe
13:17 Horse Collar
Izana
5:33 Loom
10:19 Feudal Age
12:05 Double-Bit Axe
12:54 Man-at-Arms
Connection lost

Rejoining the realm…

Still unreachable

The connection could not be restored.

Session expired

The server has moved on; the page needs a fresh start.